 Dungeon Crawl Stone Soup version 0.25.1-9-gc5326a611f (webtiles) character file.

Game seed: 15635046511366920530

22231 pokeman the Eclecticist (level 12, -1/68 HPs)
             Began as a Deep Elf Wizard on Jan 1, 2021.
             Was a High Priest of Vehumet.
             Incinerated by Azrael (6 damage)
             ... with a sticky flame
             ... on level 13 of the Dungeon.
             The game lasted 00:53:48 (15013 turns).

pokeman the Eclecticist (Deep Elf Wizard)          Turns: 15013, Time: 00:53:49

Health: -1/68      AC: 13    Str:  4    XL:     12   Next: 61%
Magic:  2/43       EV: 12    Int: 29    God:    Vehumet [*****.]
Gold:   636        SH:  7    Dex: 13    Spells: 21/44 levels left

rFire    . . .     SeeInvis +   J - +9 war axe "Z" {drain, rElec}
rCold    . . .     Gourm    .   W - +2 buckler
rNeg     . . .     Faith    .   Q - +2 troll leather armour {Snorg}
rPois    .         Spirit   .   M - +0 hat {SInv}
rElec    +         Reflect  .   (no cloak)
rCorr    .         Harm     .   j - +0 pair of gloves
MR       +....                  O - +0 pair of boots
Stlth    +.........             t - amulet of magic regeneration
HPRegen  0.61/turn              L - +4 ring of protection
MPRegen  0.53/turn              U - ring of magical power

@: liquid flames, glowing
A: no striking features
a: Renounce Religion


You were on level 13 of the Dungeon.
You worshipped Vehumet.
Vehumet was extremely pleased with you.
You were not hungry.

You visited 2 branches of the dungeon, and saw 14 of its levels.

You collected 814 gold pieces.
You spent 178 gold pieces at shops.

Inventory:

Hand Weapons
 G - a +0 hand crossbow
 J - the +9 war axe "Z" (weapon) {drain, rElec}
   (You bought it in a shop on level 4 of the Dungeon)

   A truly terrible weapon, it drains the life of those it strikes.
   It insulates you from electricity.
 X - a +6 shortbow of freezing
Missiles
 f - 165 bolts
 u - 360 arrows
Armour
 j - a +0 pair of gloves (worn)
 M - a +0 hat of see invisible (worn)
 O - a +0 pair of boots (worn)
 Q - a +2 troll leather armour (worn) {Snorg}
 W - a +2 buckler (worn)
Magical Staves
 P - an uncursed staff of summoning
Jewellery
 a - an uncursed amulet of guardian spirit
 l - a +4 ring of protection
 q - an uncursed ring of ice
 t - an amulet of magic regeneration (around neck)
 D - a +4 ring of protection
 E - an uncursed ring of positive energy
 F - an uncursed ring of ice
 L - a +4 ring of protection (left hand)
 U - a ring of magical power (right hand)
Wands
 b - a wand of disintegration (23)
 n - a wand of polymorph (7)
 B - a wand of random effects (12)
 C - a wand of acid (6)
 K - a wand of flame (50)
 N - a wand of digging (7)
Scrolls
 c - 6 scrolls of teleportation
 h - a scroll of vulnerability {unknown}
 m - 3 scrolls of immolation {unknown}
 v - 8 scrolls of remove curse
 w - 6 scrolls of enchant weapon {unknown}
 y - 2 scrolls of blinking
 H - 5 scrolls of fear
 I - 2 scrolls of enchant armour
 S - 3 scrolls of magic mapping {unknown}
 Y - a scroll of identify
Potions
 e - a potion of berserk rage {unknown}
 g - 2 potions of flight
 i - a potion of haste {unknown}
 k - 7 potions of lignification
 o - a potion of might
 p - 8 potions of curing
 r - a potion of stabbing
 s - 5 potions of mutation
 x - 2 potions of resistance
 z - 2 potions of cancellation
 A - 3 potions of invisibility
 T - 2 potions of heal wounds {unknown}
 V - a potion of degeneration {unknown}
 Z - 2 potions of brilliance {unknown}
Miscellaneous
 R - a box of beasts
Comestibles
 d - 21 rations


   Skills:
 + Level 4.8 Fighting
 - Level 4.3 Armour
 - Level 3.0 Dodging
 - Level 3.0 Stealth
 - Level 4.0 Shields
 * Level 16.8 Spellcasting
 + Level 10.5 Conjurations
 - Level 1.1 Summonings
 - Level 1.1 Translocations
 + Level 10.0 Fire Magic
 - Level 1.0 Air Magic
 - Level 1.0 Earth Magic
 - Level 1.1 Poison Magic
 - Level 1.1 Evocations


You had 21 spell levels left.
You knew the following spells:

 Your Spells              Type           Power        Failure   Level  Hunger
a - Magic Dart            Conj           ####         1%          1    None
b - Mephitic Cloud        Conj/Pois/Air  #####...     1%          3    None
c - Call Imp              Summ           ####....     3%          2    None
d - Blink                 Tloc           N/A          3%          2    None
e - Conjure Flame         Conj/Fire      ######..     1%          3    None
f - Fireball              Conj/Fire      ######....   1%          5    None
g - Iron Shot             Conj/Erth      ######....   12%         6    ###....
h - Apportation           Tloc           ####..       1%          1    None

Your spell library contained the following spells:

 Spells                   Type           Power        Failure   Level  Hunger
 Airstrike                Air            ####......   5%          4    None
 Summon Small Mammal      Summ           ####         1%          1    None
 Dazzling Flash           Conj/Hex       ######       1%          3    None
 Sticky Flame             Conj/Fire      ######..     1%          4    None
 Bolt of Magma            Conj/Fire/Erth ######....   1%          5    None
 Animate Skeleton         Necr           N/A          3%          1    None
 Corona                   Hex            ###....      3%          1    None
 Ensorcelled Hibernation  Hex/Ice        ###...       4%          2    None
 Slow                     Hex            ###.....     4%          2    None
 Gell's Gravitas          Tloc           ####......   6%          3    None
 Confusing Touch          Hex            ###.....     10%         3    None
 Tukima's Dance           Hex            ###.....     10%         3    None
 Yara's Violent Unravell  Hex/Tmut       ###.......   22%         5    None
 Petrify                  Tmut/Erth      ####....     26%         4    None
 Metabolic Englaciation   Hex/Ice        ###.......   65%         5    None


Dungeon Overview and Level Annotations

Branches:
Dungeon (13/15)            Temple (1/1) D:4            Lair (0/6) D:8
    Orc (0/2) D:12
 Vaults: D:13-14

Altars:
Ashenzari
Cheibriados
Dithmenos
Elyvilon
Fedhas
Gozag
Hepliaklqana
Kikubaaqudgha
Makhleb
Nemelex Xobeh
Okawaru
Qazlal
Ru
Sif Muna
Trog
Uskayaw
Vehumet
Wu Jian
Xom
Yredelemnul
Zin
The Shining One

Shops:
D:4 :(   D:7 [   D:9 %   D:12 (   D:13 :

Annotations:
D:13 Azrael


Message History

Unknown command.
That item cannot be evoked!
Evoke which item? (* to show all) (? for menu, Esc to quit)
You open the lid... ...and a larval batox beast flies out!
You are covered in liquid flames!
* * * LOW HITPOINT WARNING * * *
The hell hound barks!
You hear a bark!
A hell hound comes into view.
A fire elemental comes into view.
Azrael gestures at you. The bolt of fire misses you.
The bolt of fire hits your larval batox beast!!
Your larval batox beast dies!
Your larval batox beast's corpse disappears in a puff of smoke!
Evoke which item? (* to show all) (? for menu, Esc to quit)
Okay, then.
Casting: Iron Shot (quite dangerous; 12% risk of failure)
Confirm with . or Enter, or press ? or * to list all spells.
You blink.
You are covered in liquid flames!
You die...

#######.######## #(# #.#
#.# #.# #.# #.# #
#######.##########.#####
#<(..))†@(..§§R§hh......
#######[#########..E....
#.# .○☼.... #.# .☼.....
#.# Q...... #.# .E.....
#######.# ..☼..R.
#.......# °....☼h
#######○#


There were no monsters in sight!

Vanquished Creatures
  Snorg (D:10)
  Fannar (D:11)
  A dancing weapon (D:8)
  Urug (D:13)
  A tengu warrior (D:13)
  The ghost of arnso the Chopper, a novice DsBe of Trog (D:8)
  3 cyclopes
  3 gargoyles
  An efreet (D:13)
  3 meliai (D:13)
  4 trolls
  3 hippogriffs
  13 yaks
  A shadow (D:12)
  3 water elementals (D:11)
  2 wraiths
  2 wyverns
  A basilisk (D:8)
  A fire elemental (D:13)
  5 hungry ghosts
  6 vampire mosquitoes (D:13)
  3 porcupines (D:8)
  3 water moccasins
  9 orc warriors
  5 sky beasts
  6 black bears
  3 phantoms
  8 ogres
  2 wolves (D:8)
  10 centaurs
  3 crocodiles
  A gnoll sergeant (D:5)
  11 bullfrogs
  3 big kobolds
  2 water moccasin zombies
  2 wyvern skeletons
  2 scorpions
  17 killer bees
  11 wights
  7 howler monkeys
  3 electric eels
  3 crimson imps
  2 quasits
  2 bullfrog zombies
  2 centaur zombies
  A bullfrog skeleton (D:6)
  A jelly (D:13)
  13 orc wizards
  6 hounds
  5 orc priests
  An iguana (D:10)
  3 centaur skeletons
  8 worker ants
  Natasha (thrice) (D:3)
  A hound skeleton (D:9)
  A worker ant zombie (D:8)
  5 gnolls (D:5)
  11 adders
  5 shadow imps
  2 oozes
  An adder skeleton (D:5)
  An adder zombie (D:8)
  4 worms
  9 dart slugs
  6 leopard geckos
  63 orcs
  5 bats
  3 giant cockroaches
  10 goblins
  6 hobgoblins
  9 jackals
  30 kobolds
  11 quokkas
  2 ball pythons
  A ball python zombie (D:6)
  2 frilled lizards
  A leopard gecko skeleton (D:5)
  A quokka skeleton (D:7)
  A quokka zombie (D:7)
  8 rats
  3 plants (D:11)
420 creatures vanquished.

Vanquished Creatures (collateral kills)
  A two-headed ogre (D:5)
  2 killer bees (D:10)
  An orc priest (D:4)
  An orc (D:11)
5 creatures vanquished.

Vanquished Creatures (others)
  A vampire mosquito (D:13)
  An electric eel (D:11)
  2 fungi (D:8)
  14 plants
18 creatures vanquished.

Grand Total: 443 creatures vanquished

Notes
Turn   | Place    | Note
-------+----------+-------------------------------------------
     0 | D:1      | pokeman the Deep Elf Wizard began the quest for the Orb.
     0 | D:1      | Reached XP level 1. HP: 10/10 MP: 7/7
   288 | D:1      | Reached XP level 2. HP: 15/15 MP: 3/9
   738 | D:1      | Reached skill level 5 in Spellcasting
   952 | D:1      | Reached XP level 3. HP: 20/20 MP: 5/11
   957 | D:1      | Learned a level 3 spell: Mephitic Cloud
   960 | D:1      | Learned a level 2 spell: Call Imp
   963 | D:1      | Learned a level 2 spell: Blink
   967 | D:1      | Learned a level 3 spell: Conjure Flame
  1475 | D:2      | Found a snail-covered altar of Cheibriados.
  1480 | D:2      | Found a shadowy altar of Dithmenos.
  1481 | D:2      | Found a sacrificial altar of Ru.
  1511 | D:2      | Found a basalt altar of Yredelemnul.
  1567 | D:2      | Reached skill level 1 in Armour
  1592 | D:2      | Reached skill level 1 in Fighting
  2348 | D:2      | Reached XP level 4. HP: 25/25 MP: 11/13
  2482 | D:2      | Learned a level 1 spell: Apportation
  3184 | D:3      | Reached skill level 1 in Evocations
  3340 | D:3      | Reached XP level 5. HP: 28/29 MP: 9/15
  3350 | D:3      | Reached skill level 6 in Spellcasting
  3410 | D:3      | Found a faded altar of an unknown god.
  3462 | D:3      | Noticed Natasha
  3470 | D:3      | Killed Natasha
  3769 | D:3      | Noticed Natasha
  3777 | D:3      | Killed Natasha
  3920 | D:3      | Noticed Natasha
  3931 | D:3      | Killed Natasha
  3931 | D:3      | Reached skill level 1 in Poison Magic
  4261 | D:4      | Reached skill level 1 in Shields
  4274 | D:4      | Reached XP level 6. HP: 24/34 MP: 8/17
  4500 | D:4      | Found a staircase to the Ecumenical Temple.
  4509 | Temple   | Entered the Ecumenical Temple
  4569 | Temple   | Became a worshipper of Vehumet
  4619 | D:4      | Reached skill level 1 in Air Magic
  4725 | D:4      | Reached skill level 7 in Spellcasting
  5048 | D:4      | Found Ylil Car's Antique Weapon Shoppe.
  5052 | D:4      | Bought a fading war axe for 178 gold pieces
  5053 | D:4      | Identified the +9 war axe "Z" {drain, rElec} (You bought it
                  | in a shop on level 4 of the Dungeon)
  5170 | D:4      | Found Esmen's Book Boutique.
  5417 | D:5      | Entered Level 5 of the Dungeon
  5473 | D:5      | Reached skill level 1 in Fire Magic
  5602 | D:5      | Noticed a sky beast
  5609 | D:5      | Killed a sky beast
  5609 | D:5      | Reached XP level 7. HP: 38/38 MP: 18/20
  5678 | D:5      | Noticed a two-headed ogre
  5714 | D:5      | Killed a two-headed ogre
  5714 | D:5      | Reached * piety under Vehumet
  5714 | D:5      | Offered knowledge of Freeze by Vehumet.
  5714 | D:5      | Reached skill level 9 in Spellcasting
  5714 | D:5      | Reached XP level 8. HP: 10/45 MP: 2/23
  5885 | D:5      | Reached skill level 5 in Conjurations
  6653 | D:6      | Reached skill level 10 in Spellcasting
  6665 | D:6      | Offered knowledge of Searing Ray by Vehumet.
  6731 | D:6      | Reached ** piety under Vehumet
  6804 | D:6      | Reached XP level 9. HP: 31/49 MP: 17/25
  7723 | D:6      | Offered knowledge of Dazzling Flash by Vehumet.
  7723 | D:6      | Reached skill level 5 in Fire Magic
  7761 | D:7      | Reached skill level 11 in Spellcasting
  7977 | D:7      | Reached *** piety under Vehumet
  8338 | D:7      | Found a hazy altar of Hepliaklqana.
  8410 | D:7      | Found Caut's Armour Emporium.
  8512 | D:8      | Found a runed translucent door.
  8512 | D:8      | Found a shimmering altar of Xom.
  8512 | D:8      | Noticed a +1 rapier of chaos
  8512 | D:8      | Noticed arnso's ghost (novice DsBe)
  8687 | D:8      | Reached skill level 12 in Spellcasting
  8995 | D:8      | Reached XP level 10. HP: 39/56 MP: 25/28
  9011 | D:8      | Offered knowledge of Inner Flame by Vehumet.
  9377 | D:8      | Found a staircase to the Lair.
  9975 | D:8      | Reached skill level 13 in Spellcasting
 10296 | D:9      | Found Tieghoas's Food Boutique.
 10417 | D:9      | Reached **** piety under Vehumet
 10428 | D:9      | Offered knowledge of Sticky Flame by Vehumet.
 10811 | D:9      | Found a white marble altar of Elyvilon.
 10859 | D:10     | Entered Level 10 of the Dungeon
 11250 | D:10     | Reached skill level 14 in Spellcasting
 11275 | D:10     | Reached XP level 11. HP: 60/60 MP: 28/31
 11376 | D:10     | Noticed Snorg
 11646 | D:10     | Killed Snorg
 11646 | D:10     | Reached ***** piety under Vehumet
 11975 | D:10     | Offered knowledge of Iron Shot by Vehumet.
 12378 | D:11     | Noticed Fannar
 12808 | D:11     | Reached skill level 15 in Spellcasting
 12908 | D:11     | Killed Fannar
 13025 | D:11     | Learned a level 6 spell: Iron Shot
 13065 | D:11     | Identified the Grimoire of Confrontation
 13073 | D:11     | Learned a level 5 spell: Fireball
 13384 | D:11     | Reached skill level 1 in Earth Magic
 13734 | D:8      | Killed a +1 rapier of chaos
 13740 | D:8      | Killed arnso's ghost
 13894 | D:12     | Reached XP level 12. HP: 65/65 MP: 16/33
 14093 | D:12     | Found Kott's Weapon Boutique.
 14095 | D:12     | Found a staircase to the Orcish Mines.
 14174 | D:12     | Reached skill level 16 in Spellcasting
 14192 | D:12     | Reached skill level 10 in Conjurations
 14531 | D:13     | Noticed a catoblepas
 14538 | D:13     | Noticed a centaur warrior
 14539 | D:13     | Noticed a centaur warrior
 14615 | D:13     | Offered knowledge of Airstrike by Vehumet.
 14620 | D:13     | Noticed Urug
 14624 | D:13     | Noticed Azrael
 14703 | D:13     | Found Kynyq's Book Emporium.
 14807 | D:13     | Killed Urug
 14996 | D:13     | Noticed a tengu warrior
 15005 | D:13     | Killed a tengu warrior
 15009 | D:13     | Reached skill level 10 in Fire Magic
 15013 | D:13     | Incinerated by Azrael

Illustrated notes

Levels and vault maps discovered:
D:1:      dpeg_cavernosity, layout_basic
D:2:      layout_basic, lemuel_doored_altar, minitemple,
          minmay_randomly_rotated_circles
D:3:      layout_basic, chequers_ecumenical_altar_lobes, uniq_natasha
D:4:      layout_basic, minmay_temple_entry_proselytizer, first_ration,
          serial_shops, nicolae_shop_behind_doors, nicolae_shop_statue_plus
D:5:      layout_basic
D:6:      kennysheep_slugbush, layout_loops_ring, minmay_starry_boxes
D:7:      layout_cave_pools, old_standard_altar, serial_shops, kennysheep_mini
D:8:      layout_loops_cross, minmay_lair_entry_grove, serial_glass,
          glass_columns_b, glass_columns_a, glass_columns_c, glass_columns_a,
          ebering_ghost_xom
D:9:      layout_cross, lemuel_coloured_pillars_altar, serial_shops, shop
D:10:     layout_long_grid, grunt_ogre_cave, uniq_snorg
D:11:     layout_rooms, serial_bayou, serial_bayou_pond_e, serial_bayou_lake_a,
          serial_bayou_shore_b, serial_bayou_pond_e, serial_bayou_crossing,
          uniq_fannar
D:12:     layout_cave_pools, orc_0_dummy, serial_shops,
          nicolae_shop_temple_entry_statues_fountains
D:13:     layout_small_grid, david_vaults_5, gammafunk_ghost_split,
          serial_shops, shop, evilmike_ruin_ashenzari, uniq_urug, uniq_azrael
Temple:   kb_temple_of_zot

Skill      XL: |  1  2  3  4  5  6  7  8  9 10 11 12 |
---------------+-------------------------------------+-----
Spellcasting   | 5 6 7 9 10 12 14 15 16 | 16.8
Armour         | 1 2 3 4 |  4.3
Fighting       | 1 2 3 4 |  4.8
Conjurations   | 2 3 4 5 7 8 9 10 | 10.5
Evocations     | 1 |  1.1
Dodging        | 3 |  3.0
Poison Magic   | 1 |  1.1
Shields        | 1 2 4 |  4.0
Air Magic      | 1 |  1.0
Stealth        | 3 |  3.0
Fire Magic     | 1 3 4 6 7 9 10 | 10.0
Earth Magic    | 1 |  1.0
Summonings     | |  1.1
Translocations | |  1.1

Action                   |  1- 3 |  4- 6 |  7- 9 | 10-12 || total
-------------------------+-------+-------+-------+-------++-------
Melee: Unarmed           |     5 |       |       |       ||     5
       War axe           |       |     6 |    77 |   139 ||   222
 Cast: Magic Dart        |   107 |   196 |   283 |   412 ||   998
       Conjure Flame     |     1 |     2 |    13 |    69 ||    85
       Mephitic Cloud    |       |     3 |    21 |    54 ||    78
       Call Imp          |       |     2 |     5 |    24 ||    31
       Blink             |       |       |     2 |    10 ||    12
       Fireball          |       |       |       |    79 ||    79
       Iron Shot         |       |       |       |    10 ||    10
Evoke: Wand              |       |       |       |     4 ||     4
       Box of beasts     |       |       |       |     1 ||     1
  Use: Scroll            |       |       |    16 |       ||    16
 Stab: Confused          |       |       |     5 |     9 ||    14
  Eat: Chunk             |     4 |    10 |     9 |    19 ||    42
       Ration            |       |       |       |     1 ||     1
Armor: Robe              |     8 |       |       |       ||     8
       Leather armour    |     6 |    26 |    94 |    55 ||   181
       Troll leather arm |       |       |       |    39 ||    39
Dodge: Dodged            |    37 |    47 |   151 |   186 ||   421
Block: Buckler           |       |       |       |    56 ||    56
